AoeStats
← DickAss69

Arena

510579964Analyzed
3v3 RM · 11h ago on Oct 1, 2026· 55m 1s· 6 players
Game mode
Random Map
Map size
Normal (6 player)
Population
200
Speed
Normal
Resources
Standard
Victory
Conquest
Starting age
Dark Age
Ending age
Imperial Age
RankedLock teamsTeams togetherTeam positionsShared explorationLock speedFull tech treeHidden civsTurbo modeCheats
Victory
Defeat
🇩🇪 Bulgarians · Germany
873
+15
🇩🇪 Maya · Germany
791
+18
🇨🇳 Wei · China
739
+20
🇺🇸 Romans · United States
878
-19
🇺🇸 Vietnamese · United States
823
-17
🇬🇷 Huns · Greece
816
-17
arisnist
11:01 Feudal Age
11:47 Double-Bit Axe
12:32 Horse Collar
19:49 Castle Age
18:30 Bloodlines
19:15 Scale Barding Armor
19:25 Forging
21:02 Bow Saw
21:04 Heavy Plow
22:29 Wheelbarrow
26:58 Hand Cart
27:07 Stone Mining
27:08 Gold Mining
27:14 Gold Mining
29:01 Gold Shaft Mining
28:31 Husbandry
31:42 Chain Barding Armor
31:59 Iron Casting
32:34 Marauders
35:50 Imperial Age
35:59 Thumb Ring
35:51 Fletching
36:18 Elite Tarkan
37:23 Caravan
38:01 Atheism
38:02 Conscription
37:40 Heavy Cavalry Archer
40:34 Parthian Tactics
41:38 Bodkin Arrow
42:19 Plate Barding Armor
42:45 Blast Furnace
41:33 Cavalier
42:36 Paladin
Donkey Kong
1:55 Loom
13:57 Feudal Age
14:41 Horse Collar
14:48 Double-Bit Axe
22:39 Castle Age
21:00 Stone Mining
21:03 Gold Mining
21:47 Man-at-Arms
23:20 Heavy Plow
23:33 Bow Saw
25:44 Town Watch
27:36 Gold Shaft Mining
29:38 Fortified Wall
29:39 Masonry
31:44 Crossbowman
31:47 Elite Skirmisher
33:16 Ballistics
33:15 Squires
32:36 Long Swordsman
32:36 Pikeman
36:54 Imperial Age
37:00 Ballistas
37:29 Murder Holes
37:50 Forging
37:40 Scale Mail Armor
37:45 Scale Barding Armor
37:31 Fletching
37:41 Padded Archer Armor
38:16 Crop Rotation
37:45 Legionary
37:46 Halberdier
39:32 Conscription
39:41 Comitatenses
42:07 Iron Casting
46:05 Capped Ram
48:24 Bloodlines
47:48 Sappers
48:39 Husbandry
48:03 Cavalier
50:26 Blast Furnace
49:41 Chain Mail Armor
49:47 Chain Barding Armor
50:36 Elite Centurion
DickAss69
0:52 Loom
12:38 Feudal Age
13:58 Double-Bit Axe
13:56 Horse Collar
14:16 Gold Mining
14:36 Stone Mining
23:10 Castle Age
22:47 Forging
22:39 Padded Archer Armor
23:51 Wheelbarrow
23:34 Scale Barding Armor
24:28 Stone Shaft Mining
24:04 Heavy Plow
25:55 Bow Saw
25:42 Fletching
26:15 Hand Cart
25:47 Town Watch
30:58 Iron Casting
30:36 Thumb Ring
30:05 Elite Skirmisher
33:14 Leather Archer Armor
32:55 Bodkin Arrow
35:55 Town Patrol
36:28 Chain Barding Armor
39:05 Imperial Age
39:30 Imperial Skirmisher
40:41 Elite Battle Elephant
42:17 Ballistics
42:59 Chemistry
50:11 Two-Man Saw
49:45 Crop Rotation
50:08 Bracer
50:45 Husbandry
Johannes ROE PUBG
10:50 Feudal Age
12:26 Wheelbarrow
11:41 Double-Bit Axe
11:38 Horse Collar
19:01 Gold Mining
22:15 Castle Age
20:56 Bloodlines
21:23 Stone Mining
23:14 Hand Cart
23:33 Forging
23:50 Bow Saw
26:09 Heavy Plow
34:20 Imperial Age
32:31 Gambesons
32:46 Squires
32:32 Arson
35:07 Iron Casting
34:37 Scale Barding Armor
34:32 Scale Mail Armor
35:28 Conscription
35:49 Gold Shaft Mining
35:49 Stone Shaft Mining
35:48 Crop Rotation
38:51 Caravan
42:47 Ballistics
42:36 Stirrups
42:03 Elite Konnik
45:25 Padded Archer Armor
45:16 Fletching
46:27 Blast Furnace
45:47 Chain Barding Armor
45:43 Chain Mail Armor
49:56 Plate Mail Armor
50:01 Plate Barding Armor
49:43 Leather Archer Armor
49:33 Husbandry
S3r!ousLE3
0:38 Loom
10:16 Feudal Age
10:50 Double-Bit Axe
10:50 Horse Collar
17:36 Castle Age
19:00 Bow Saw
18:53 Heavy Plow
22:31 Town Watch
26:26 Gold Mining
31:35 Imperial Age
28:29 Elite Skirmisher
30:33 Ballistics
30:31 Stone Mining
31:37 Fletching
33:21 Chemistry
33:02 Conscription
32:52 Bodkin Arrow
33:28 Bracer
34:27 Wheelbarrow
34:26 Padded Archer Armor
34:27 Scale Mail Armor
34:33 Squires
35:03 Arson
35:55 Hand Cart
37:02 Two-Man Saw
37:05 Stone Shaft Mining
36:18 Eagle Warrior
37:13 Forging
37:19 Leather Archer Armor
37:21 Chain Mail Armor
37:44 Hul'che Javelineers
37:33 Treadmill Crane
37:36 Elite Eagle Warrior
39:47 Holcans
40:28 Masonry
40:14 Murder Holes
40:31 Fortified Wall
39:49 Pikeman
41:39 Iron Casting
41:34 Plate Mail Armor
42:13 Hoardings
43:41 Blast Furnace
44:09 Architecture
45:16 Halberdier
46:12 Guard Tower
47:45 Capped Ram
48:36 Siege Ram
52:20 Crossbowman
53:06 Thumb Ring
52:26 Onager
53:39 Elite Plumed Archer
53:50 Sappers
54:58 Ring Archer Armor
53:52 Man-at-Arms
55:18 Caravan
cold hand
11:14 Feudal Age
11:49 Double-Bit Axe
11:45 Horse Collar
11:58 Gold Mining
16:39 Stone Mining
18:00 Wheelbarrow
20:39 Castle Age
19:35 Scale Barding Armor
20:03 Forging
21:21 Wheelbarrow
21:05 Bloodlines
22:29 Husbandry
22:58 Chain Barding Armor
23:15 Iron Casting
22:57 Bow Saw
22:54 Heavy Plow
22:57 Treadmill Crane
24:28 Caravan
25:29 Stone Shaft Mining
25:37 Gold Shaft Mining
31:50 Imperial Age
29:37 Hand Cart
29:48 Loom
29:49 Town Watch
30:27 Tuntian
33:56 Crop Rotation
32:57 Heavy Hei Guang Cavalry
34:40 Blast Furnace
34:22 Conscription
34:29 Ming Guang Armor
36:29 Town Patrol
37:23 Hoardings
36:09 Elite Tiger Cavalry
40:52 Chemistry
40:02 Masonry
39:49 Murder Holes
42:19 Heavy Scorpion
44:31 Padded Archer Armor
47:52 Parthian Tactics
47:34 Thumb Ring
50:08 Fortified Wall
50:18 Ballistics
54:55 Scale Mail Armor
54:45 Fletching
Connection lost

Rejoining the realm…

Still unreachable

The connection could not be restored.

Session expired

The server has moved on; the page needs a fresh start.